[Event "*** Titled Tuesday Blitz"]
[Site "Chess.com"]
[Date "2021.04.20"]
[Round "1"]
[White "Ajedrez_con_German"]
[Black "campomania3"]
[Result "0-1"]
[WhiteElo "2499"]
[BlackElo "2202"]
[TimeControl "180+1"]
[EndTime "10:06:28 PDT"]
[Termination "campomania3 won by resignation"]

1. Nf3 d5 2. e3 Nf6 3. c4 c6 4.
Nc3 g6 5. d4 Bg7 6. Be2 O-O 7.
O-O dxc4 8. Bxc4 Bg4 9. h3 Bxf3 10. Qxf3 Nbd7 11. Rd1 e5 12. dxe5 Nxe5 13. Qe2 Qe7 14. Bb3 Rad8 15. Bd2 Nd3 16. Rab1 Nc5 17. Bc2 Nce4 18.
Be1 a6 19. Rxd8 Rxd8 20. Rd1 Rxd1 21. Qxd1 h5 22. a3 Nxc3 23. Bxc3 Nd5 24. Bxg7 Kxg7 25. Bb3 Qe5 26. Qd2 h4 27. Kf1 g5 28. Bxd5 cxd5 29.
Ke2 Kf6 30. Qb4 Qe4 31. Qxe4 dxe4 32. Kd2 Ke5 33. Kc3 Kd5 34. Kb4 b6 35. b3 f5 36.
g3 g4 0-1

[Event "*** Titled Tuesday Blitz"]
[Site "Chess.com"]
[Date "2021.04.20"]
[Round "1"]
[White "LittleMyMoomin"]
[Black "Cambek64"]
[Result "0-1"]
[WhiteElo "1905"]
[BlackElo "2478"]
[TimeControl "180+1"]
[EndTime "10:06:29 PDT"]
[Termination "Cambek64 won by resignation"]

1. d4 d5 2. c4 dxc4 3. e3 e6 4.
Bxc4 Nf6 5. Nf3 c5 6. Nc3 a6 7. O-O b5 8. Bd3 Bb7 9. Qc2 Nc6 10.
dxc5 Nb4 11. Bxb5+ axb5 12. Qb3 Bxc5 13. Rd1 Qb6 14.
a3 Nc6 15. Nxb5 O-O 16. a4 Nb4 17. Bd2 Bd5 18. Qc3 Ne4 19. Qe5 f6 20. Qf4 Nd3 21.
Qh4 Ndxf2 22. b4 Bxe3 23. Bxe3 Qxe3 24. Kf1 Nxd1 25. Rxd1 Bc4+ 0-1

[Event "*** Titled Tuesday Blitz"]
[Site "Chess.com"]
[Date "2021.04.20"]
[Round "1"]
[White "ENajer77"]
[Black "Caterpiller35"]
[Result "1-0"]
[WhiteElo "2680"]
[BlackElo "2372"]
[TimeControl "180+1"]
[EndTime "10:06:31 PDT"]
[Termination "ENajer77 won by resignation"]

1. d4 Nf6 2. c4 e6 3. Nc3 Bb4 4. e3 d5 5. Ne2 O-O 6. a3 Be7 7. Nf4 dxc4 8. Bxc4 c5 9. dxc5 Qxd1+ 10. Kxd1 Bxc5 11.
Ke2 Nbd7 12. Nd3 Be7 13. e4 b6 14. Be3 Bb7 15. f3 Rac8 16. Bb5 Rfd8 17. Rac1 Nc5 18. Nxc5 Bxc5 19. Rhd1 Bxe3 20. Rxd8+ Rxd8 21. Kxe3 Rc8 22. g4 Kf8 23. h4 Ke7 24. e5 Ne8 25. Rd1 Rd8 26.
Rxd8 Kxd8 27. Bxe8 Kxe8 28. Nb5 Bc6 29. Nxa7 Bd7 30.
Kd4 Kd8 31. Kc4 Kc7 32. Nb5+ Kd8 33. f4 Bc6 34. g5 Ke7 35. Nd4 Be8 36. b4 f6 37. b5 fxg5 38. fxg5 h6 39. gxh6 gxh6 40. a4 Kf7 41. Kb4 Bd7 42. a5 bxa5+ 43. Kxa5 Kg6 44. b6 Bc8 45. Kb5 Kh5 46. Kc6 Kxh4 47. Kc7 Ba6 48.
Nxe6 1-0

[Event "*** Titled Tuesday Blitz"]
[Site "Chess.com"]
[Date "2021.04.20"]
[Round "1"]
[White "Diego_FloresQ"]
[Black "Vusatiuk_Vladimir"]
[Result "1-0"]
[WhiteElo "2611"]
[BlackElo "2310"]
[TimeControl "180+1"]
[EndTime "10:06:31 PDT"]
[Termination "Diego_FloresQ won by resignation"]

1. e4 c5 2. Nf3 e6 3. d4 cxd4 4. Nxd4 Nf6 5. Nc3 Qb6 6. Nb3 Bb4 7. Bd3 d5 8. exd5 Nxd5 9. Bd2 Nxc3 10. bxc3 Be7 11.
O-O O-O 12. Rb1 Nc6 13. Re1 Qc7 14. Qe2 e5 15. Be4 Bd6 16. Rbd1 Be6 17. c4 Nd4 18. Nxd4 exd4 19. Bd3 Rac8 20. Qe4 g6 21. Qxd4 Bxh2+ 22.
Kh1 Rfd8 23. Qf6 Kf8 24. Rxe6 Kg8 25. Re7 1-0

[Event "*** Titled Tuesday Blitz"]
[Site "Chess.com"]
[Date "2021.04.20"]
[Round "1"]
[White "JoseRemolar"]
[Black "dretch"]
[Result "0-1"]
[WhiteElo "2427"]
[BlackElo "2790"]
[TimeControl "180+1"]
[EndTime "10:06:32 PDT"]
[Termination "dretch won on time"]

1. d4 d5 2. c4 c6 3. Nc3 dxc4 4. Nf3 Nf6 5. g3 g6 6. Bg2 Bg7 7. O-O O-O 8. Ne5 Ng4 9. Nxg4 Bxg4 10. h3 Be6 11. e3 Qd7 12. Kh2 Na6 13. Bd2 Rad8 14.
Qf3 Nb4 15. Ne4 Nd3 16. Bc3 Bd5 17. Qe2 f5 18. Nd2 Bxg2 19. Kxg2 c5 20. dxc5 Bxc3 21. bxc3 Qd5+ 22. e4 Qxc5 23. Rab1 Qc6 24. f3 f4 25. g4 b5 26. a4 b4 27. cxb4 c3 28. b5 Qc7 29. Nb3 c2 30. Ra1 Qc3 0-1

[Event "*** Titled Tuesday Blitz"]
[Site "Chess.com"]
[Date "2021.04.20"]
[Round "1"]
[White "shineatchess"]
[Black "sergeikim"]
[Result "0-1"]
[WhiteElo "2201"]
[BlackElo "2532"]
[TimeControl "180+1"]
[EndTime "10:06:32 PDT"]
[Termination "sergeikim won by resignation"]

1. e4 e5 2. Nf3 Nc6 3. Nc3 Nf6 4. Bb5 Bb4 5. O-O O-O 6. d3 d6 7. Ne2 Ne7 8. c3 Ba5 9. Ng3 Ng6 10. d4 c6 11. Bd3 Re8 12. Bc2 h6 13. h3 a6 14. Re1 Bb6 15. Be3 Ba7 16. Qd2 Kh7 17. Rad1 Qc7 18. Qc1 Be6 19. a3 b5 20. b4 a5 21. Nf5 Ng8 22. dxe5 dxe5 23. Nd6 Red8 24. Bc5 Bb6 25. Nxe5 Nxe5 26. f4 Rxd6 27. fxe5 Rxd1 28.
Rxd1 Bxc5+ 29. bxc5 Qxe5 30. Qe3 Nf6 31. Rd6 b4 32.
cxb4 axb4 33. axb4 Ra2 34. Bd1 Nxe4 35. Rd4 f5 36. Kf1 Ng3+ 0-1

[Event "*** Titled Tuesday Blitz"]
[Site "Chess.com"]
[Date "2021.04.20"]
[Round "1"]
[White "UKR_Master"]
[Black "Carolina-moon"]
[Result "1-0"]
[WhiteElo "2504"]
[BlackElo "2114"]
[TimeControl "180+1"]
[EndTime "10:06:33 PDT"]
[Termination "UKR_Master won by resignation"]

1. e4 c5 2. Nf3 d6 3. d4 Nf6 4. Nc3 cxd4 5. Nxd4 a6 6. h3 e5 7.
Nde2 Be7 8. g4 h6 9. Bg2 Be6 10. Ng3 Nc6 11. Nd5 Rc8 12. c3 O-O 13. Nf5 Bxf5 14.
exf5 Nxd5 15. Bxd5 Bg5 16. O-O Bxc1 17. Qxc1 Qh4 18.
Qe3 Rc7 19. a4 Ne7 20. Bg2 Rfc8 21. Qb6 d5 22. Rfe1 h5 23. f3 f6 24. Rad1 Kh8 25.
Re2 d4 26. cxd4 Nd5 27. Qb3 Nf4 28. Red2 exd4 29. Qb4 Rc4 30. Qxb7 Qg3 31. Kf1 Nxg2 32. Rxg2 Qxf3+ 33. Qxf3 1-0

[Event "*** Titled Tuesday Blitz"]
[Site "Chess.com"]
[Date "2021.04.20"]
[Round "1"]
[White "secretsuperstar7"]
[Black "m_ezat"]
[Result "1-0"]
[WhiteElo "2238"]
[BlackElo "2535"]
[TimeControl "180+1"]
[EndTime "10:06:34 PDT"]
[Termination "secretsuperstar7 won by checkmate"]

1. d4 Nf6 2. c4 g6 3. Nc3 Bg7 4. e4 d6 5. Nf3 O-O 6. Be2 e5 7. d5 a5 8. h3 Na6 9. Bg5 Qe8 10. g4 Nd7 11. Rg1 Kh8 12. Qd2 Ndc5 13. Bh6 f6 14.
Bxg7+ Kxg7 15. h4 Qe7 16. Nh2 c6 17. Nf1 Nb4 18. Ne3 Bd7 19. O-O-O Nxa2+ 20. Kb1 Nxc3+ 21. Qxc3 Nxe4 22. Qe1 Nc5 23. Qd2 Rfd8 24. h5 Ne4 25. Qc2 Nxf2 26. Rdf1 Nh3 27. Rg3 Ng5 28. hxg6 hxg6 29.
Rg2 Rh8 30. Rgf2 Raf8 31. Ng2 Rh2 32. Nf4 Rh6 33. Ng2 cxd5 34. cxd5 Rh2 35. Nf4 Rxf2 36.
Qxg6+ Kh8 37. Qh6+ Qh7+ 38. Ng6+ Kg8 39. Qxf8# 1-0

[Event "*** Titled Tuesday Blitz"]
[Site "Chess.com"]
[Date "2021.04.20"]
[Round "1"]
[White "elisak43"]
[Black "mamonika"]
[Result "1-0"]
[WhiteElo "2490"]
[BlackElo "2052"]
[TimeControl "180+1"]
[EndTime "10:06:34 PDT"]
[Termination "elisak43 won by checkmate"]

1. Nf3 d5 2. g3 Nf6 3. Bg2 c5 4. O-O Nc6 5. d3 Bg4 6. Qe1 Bxf3 7. exf3 e6 8. f4 Be7 9. Nd2 Qc7 10. Nf3 O-O 11.
Ne5 Nb4 12. Qe2 d4 13. a3 Nbd5 14. Bd2 Rac8 15. h4 Rfd8 16. h5 h6 17. g4 Nd7 18.
Rae1 Bd6 19. Nxf7 Re8 20. Ne5 Re7 21. Ng6 Ree8 22. Bxd5 exd5 23. Qxe8+ Rxe8 24. Rxe8+ Kf7 25. Rfe1 Nf6 26. Nh8# 1-0

[Event "*** Titled Tuesday Blitz"]
[Site "Chess.com"]
[Date "2021.04.20"]
[Round "1"]
[White "TeukkaSalama"]
[Black "bazar-wokzal"]
[Result "0-1"]
[WhiteElo "2391"]
[BlackElo "2707"]
[TimeControl "180+1"]
[EndTime "10:06:35 PDT"]
[Termination "bazar-wokzal won by resignation"]

1. d4 Nf6 2. Bf4 g6 3. Nc3 d5 4.
Qd2 c6 5. O-O-O Nbd7 6. f3 b5 7. g4 Qa5 8. g5 Nh5 9. e4 b4 10. Nb1 Qxa2 11. exd5 cxd5 12. Bb5 a5 13. Be5 f6 14.
gxf6 exf6 15. Bc7 a4 16. Re1+ Kf7 17. Qe2 Bh6+ 18. f4 Rf8 19. Nh3 a3 20. bxa3 bxa3 21. c4 Qxe2 22. Rxe2 a2 23. Rxa2 Rxa2 24. cxd5 Ne5 25.
dxe5 Bxh3 26. d6 Bxf4+ 27. Kd1 Bg4+ 28. Ke1 Rb2 29. Bc4+ Be6 30. Bxe6+ Kxe6 31. Nc3 Bd2+ 32. Ke2 Bxc3+ 33. Kd3 Bxe5 34. Re1 Nf4+ 35. Kc4 Rc2+ 36. Kb5 Kd7 0-1

[Event "*** Titled Tuesday Blitz"]
[Site "Chess.com"]
[Date "2021.04.20"]
[Round "1"]
[White "kuba2006"]
[Black "PchelkinVK"]
[Result "0-1"]
[WhiteElo "2340"]
[BlackElo "2641"]
[TimeControl "180+1"]
[EndTime "10:06:37 PDT"]
[Termination "PchelkinVK won by checkmate"]

1. b3 e5 2. Bb2 e4 3. d3 Nf6 4.
c4 c6 5. g3 d5 6. cxd5 cxd5 7.
Bg2 Bf5 8. dxe4 Nxe4 9. Nf3 Bb4+ 10. Nbd2 Qa5 11. a3 Bc3 12. b4 Qb6 13. Qa4+ Bd7 14.
Qb3 Qxf2+ 15. Kd1 Bxb2 16. Qxb2 Ba4+ 17. Kc1 O-O 18. Nxe4 dxe4 19. Nh4 Rc8+ 20. Kb1 Rc2 21. Qe5 Nc6 22. Qxe4 Rxe2 23. Qxe2 Qxe2 24. Rf1 Qc2# 0-1

[Event "*** Titled Tuesday Blitz"]
[Site "Chess.com"]
[Date "2021.04.20"]
[Round "1"]
[White "Promacherr"]
[Black "Agoking701"]
[Result "1-0"]
[WhiteElo "2626"]
[BlackElo "2320"]
[TimeControl "180+1"]
[EndTime "10:06:37 PDT"]
[Termination "Promacherr won by resignation"]

1. d4 Nf6 2. c4 e6 3. Nc3 Bb4 4.
Qc2 O-O 5. e4 d6 6. Bd3 Nc6 7.
Ne2 e5 8. d5 Bxc3+ 9. Qxc3 Ne7 10. O-O Ng6 11. f4 Bg4 12. f5 Bxe2 13. Bxe2 Ne7 14. Qc2 Nd7 15. g4 a5 16. h4 Kh8 17.
g5 f6 18. Be3 b6 19. Rf2 Ng8 20. Rg2 Qe7 21. Rf1 Rac8 22. Qd1 c6 23. Qa4 Nc5 24. Qc2 cxd5 25. exd5 Rc7 26. b3 Ra8 27. h5 h6 28.
gxh6 Nxh6 29. Rg6 Kh7 30. Qc1 Qf8 31. Rf2 Raa7 32. Rfg2 Ng8 33. Qf1 Qf7 34. Qf3 Nd7 35. Qh3 Nh6 36. Rxg7+ Qxg7 37. Rxg7+ Kxg7 38. Qg3+ Kh8 39. Bxh6 Nc5 40. Kh2 Ne4 41. Qh4 Rh7 42. Be3 Nc3 43.
Qxf6+ Kg8 44. Bh6 Rxh6 45. Qxh6 Nxe2 46. Qxd6 1-0

[Event "*** Titled Tuesday Blitz"]
[Site "Chess.com"]
[Date "2021.04.20"]
[Round "1"]
[White "canary2016"]
[Black "AshotParvanyan"]
[Result "0-1"]
[WhiteElo "2002"]
[BlackElo "2480"]
[TimeControl "180+1"]
[EndTime "10:06:37 PDT"]
[Termination "AshotParvanyan won by checkmate"]

1. d4 Nf6 2. c4 c5 3. d5 e5 4. Nc3 d6 5. Nf3 g6 6. e4 Bg7 7. Be2 O-O 8. O-O a6 9. a4 Nbd7 10. Bd2 Nh5 11. Rb1 Nf4 12. b4 cxb4 13. Rxb4 Nc5 14. Be3 Qa5 15. Bxc5 Qxc5 16. Qb1 f5 17. exf5 Bxf5 18. Qb3 e4 19. Rxb7 Nxe2+ 20. Nxe2 exf3 21. Ng3 fxg2 22. Re1 Bd3 23. Rxg7+ Kxg7 24. Qc3+ Kg8 25. Qd2 Bf5 26. Re7 Bh3 27. Ne4 Qxc4 28. Qe1 Qf1+ 29. Qxf1 gxf1=Q# 0-1

[Event "*** Titled Tuesday Blitz"]
[Site "Chess.com"]
[Date "2021.04.20"]
[Round "1"]
[White "GMSrinath"]
[Black "Diaschess88"]
[Result "1-0"]
[WhiteElo "2863"]
[BlackElo "2447"]
[TimeControl "180+1"]
[EndTime "10:06:38 PDT"]
[Termination "GMSrinath won by resignation"]

1. e4 e5 2. Nf3 Nc6 3. Bb5 f5 4. Nc3 fxe4 5. Nxe4 Nf6 6. Qe2 d5 7.
Nxf6+ gxf6 8. d4 Bg7 9. dxe5 O-O 10. Bxc6 bxc6 11. Bf4 Bg4 12. O-O-O fxe5 13. Bxe5 Bxe5 14. Qxe5 Qf6 15. Qxc7 Rab8 16. c3 Qh6+ 17. Kb1 Qg7 18. Qxc6 Bf5+ 19. Ka1 Be4 20. Nd2 Rxf2 21. Qc5 Rxg2 22.
Rhg1 Kh8 23. Rxg2 Qxg2 24. Qxa7 Rf8 25. Qd4+ Qg7 26. Nxe4 dxe4 27. Qxe4 Rb8 28. Qd4 Qxd4 29. cxd4 1-0

[Event "*** Titled Tuesday Blitz"]
[Site "Chess.com"]
[Date "2021.04.20"]
[Round "1"]
[White "ZEN-22"]
[Black "azikom"]
[Result "1/2-1/2"]
[WhiteElo "2364"]
[BlackElo "2654"]
[TimeControl "180+1"]
[EndTime "10:06:38 PDT"]
[Termination "Game drawn - insufficient material"]

1. e4 e5 2. Nc3 Nc6 3. f4 exf4 4. d4 Qh4+ 5. Ke2 Nf6 6. Nf3 Qh5 7. Bxf4 Bb4 8. e5 Bxc3 9. exf6 Nxd4+ 10. Kf2 Nxf3 11.
bxc3 Qh4+ 12. Kxf3 Qxf6 13. Qd4 Qc6+ 14. Qe4+ Qxe4+ 15. Kxe4 d6 16. Bb5+ Bd7 17. Bxd7+ Kxd7 18. Rae1 a5 19. Kd3 Rhe8 20. Rxe8 Rxe8 21. g4 b6 22. Bg3 Re6 23. g5 h6 24. h4 hxg5 25. hxg5 Rg6 26. Bf4 f6 27. gxf6 Rxf6 28. Be3 Rg6 29. Rg1 Rxg1 30. Bxg1 g6 31. c4 Kc6 32. Ke4 b5 33.
cxb5+ Kxb5 34. Kd5 Kb4 35. Kc6 Kc3 36. Kxc7 Kxc2 37.
Bd4 a4 38. Kxd6 a3 39. Kc5 Kb1 40. Kb4 Kxa2 41. Bf6 g5 42. Bxg5 Kb2 43. Bf6+ Kc2 44. Kxa3 1/2-1/2

[Event "*** Titled Tuesday Blitz"]
[Site "Chess.com"]
[Date "2021.04.20"]
[Round "1"]
[White "rynos0411"]
[Black "bocah_sakit"]
[Result "0-1"]
[WhiteElo "2437"]
[BlackElo "2819"]
[TimeControl "180+1"]
[EndTime "10:06:40 PDT"]
[Termination "bocah_sakit won by resignation"]

1. d4 Nf6 2. c4 g6 3. Nc3 Bg7 4. e4 d6 5. h3 O-O 6. Be3 c5 7. Nf3 cxd4 8. Nxd4 Nc6 9. Be2 Bd7 10. Rc1 Nxd4 11. Bxd4 Bc6 12. Bf3 Nd7 13. O-O Bxd4 14. Qxd4 Qb6 15. Qd2 a5 16. b3 Rfc8 17. Bg4 Rd8 18.
Kh1 Nc5 19. Qe3 Ra6 20. Nd5 Bxd5 21. exd5 Re8 22. Rb1 Qb4 23. f4 a4 24. f5 axb3 25. axb3 Rf8 26. fxg6 hxg6 27. Qxe7 Nxb3 28. Qe3 Ra3 29.
Kh2 Nd2 30. Qe1 Nxf1+ 31. Qxf1 Qc3 32. Rxb7 Qg3+ 33. Kh1 Qe5 34. Rxf7 Rxf7 35. Be6 Ra1 36. Bxf7+ Kg7 0-1

[Event "*** Titled Tuesday Blitz"]
[Site "Chess.com"]
[Date "2021.04.20"]
[Round "1"]
[White "crazy_but_lazy"]
[Black "WashUntilHoles"]
[Result "0-1"]
[WhiteElo "2429"]
[BlackElo "2811"]
[TimeControl "180+1"]
[EndTime "10:06:40 PDT"]
[Termination "WashUntilHoles won by resignation"]

1. d4 Nf6 2. c4 g6 3. Nf3 Bg7 4. g3 O-O 5. Bg2 d5 6. cxd5 Nxd5 7. Nc3 Nb6 8. O-O Nc6 9. e3 Re8 10. Nh4 e5 11. d5 Na5 12. b3 e4 13. Bd2 Nxd5 14.
Nxe4 Nc6 15. Rc1 Ncb4 16. Bxb4 Nxb4 17. Qxd8 Rxd8 18. Rxc7 Nxa2 19. Nf3 Nb4 20. Nfg5 f6 21. Nh3 Nd5 22. Rc5 Be6 23. Nf4 Nxf4 24. gxf4 Bxb3 25.
Rc7 Bd5 26. Nc5 b6 27. Bxd5+ Rxd5 28. Ne6 Bf8 29. Nxf8 Rxf8 30. Rxa7 Rf7 31. Rxf7 Kxf7 32.
Rb1 b5 33. Kg2 f5 34. Kf3 Rc5 35. Ke2 Ke6 36. Kd3 Kd5 37. Rb2 Kc6 38. Kd4 Rc4+ 39. Kd3 Kc5 40. f3 Ra4 41. e4 Ra3+ 42. Ke2 fxe4 43.
fxe4 b4 44. e5 Rh3 45. Kd1 b3 46. Kd2 Rxh2+ 47. Kc3 Rh3+ 48. Kd2 Rh2+ 49. Kc3 Rxb2 50. Kxb2 h5 51. Kxb3 h4 52. Kc2 h3 0-1

[Event "*** Titled Tuesday Blitz"]
[Site "Chess.com"]
[Date "2021.04.20"]
[Round "1"]
[White "Vanina1989"]
[Black "Leo_C"]
[Result "1-0"]
[WhiteElo "2784"]
[BlackElo "2420"]
[TimeControl "180+1"]
[EndTime "10:06:42 PDT"]
[Termination "Vanina1989 won by checkmate"]

1. d4 d5 2. c4 e6 3. Nf3 c6 4. e3 Nf6 5. Nc3 Nbd7 6. Qc2 Bd6 7. b3 O-O 8. Bb2 e5 9. Be2 e4 10. Nd2 a6 11. O-O Re8 12. c5 Bc7 13. Rae1 h5 14. f4 exf3 15. Bxf3 Ng4 16. Bxg4 hxg4 17. Qf5 Bxh2+ 18.
Kxh2 Qh4+ 19. Kg1 Ne5 20. Qf4 g5 21. Qf6 g3 22. Nf3 Nxf3+ 23. Rxf3 Qh2+ 24. Kf1 Qh1+ 25. Ke2 Qxg2+ 26. Kd3 Be6 27. Qxg5+ Kf8 28. Rxg3 Bf5+ 29. e4 Bxe4+ 30. Nxe4 dxe4+ 31. Kc3 Qf2 32. Qh6+ Ke7 33. Qd6# 1-0

[Event "*** Titled Tuesday Blitz"]
[Site "Chess.com"]
[Date "2021.04.20"]
[Round "1"]
[White "Rodalquilar"]
[Black "Raud100"]
[Result "1-0"]
[WhiteElo "2705"]
[BlackElo "2383"]
[TimeControl "180+1"]
[EndTime "10:06:44 PDT"]
[Termination "Rodalquilar won by resignation"]

1. d4 d5 2. Bf4 c6 3. e3 Qb6 4. Qc1 Nf6 5. c4 Bf5 6. Nc3 e6 7. h3 Nbd7 8. Nf3 Be7 9. Be2 O-O 10. O-O dxc4 11. Nd2 Qd8 12. Nxc4 Nb6 13. Ne5 Rc8 14. Rd1 h6 15. a3 Nbd5 16. Bh2 a5 17. Na4 Nd7 18. Nxd7 Qxd7 19. Nc5 Bxc5 20. dxc5 f6 21. Bd6 Rfe8 22. Qc4 Bg6 23. b4 axb4 24. axb4 Qf7 25. Ra7 Rcd8 26. e4 Rxd6 27. cxd6 Nf4 28. d7 Rd8 29. Rxb7 Bh5 30. Bxh5 Qxh5 31. Re1 Qg5 32. g3 Nxh3+ 33. Kf1 Qg4 34. Qe2 Qg6 35. Rc1 Ng5 36. Rxc6 Qf7 37. Rc8 Qe7 38. Rbb8 Nf7 39. Rxd8+ Nxd8 40. Qd3 Kh7 41. b5 e5 42. Rxd8 Qxd8 43. b6 h5 44. b7 h4 45. b8=Q Qxb8 46. d8=Q 1-0

[Event "*** Titled Tuesday Blitz"]
[Site "Chess.com"]
[Date "2021.04.20"]
[Round "1"]
[White "Anton_Demchenko"]
[Black "NoboaKevin1999"]
[Result "1-0"]
[WhiteElo "2908"]
[BlackElo "2459"]
[TimeControl "180+1"]
[EndTime "10:06:46 PDT"]
[Termination "Anton_Demchenko won by checkmate"]

1. e4 e6 2. d4 d5 3. Nd2 c5 4. exd5 exd5 5. Ngf3 Nc6 6. Bb5 Qe7+ 7. Be2 Qc7 8. O-O Nf6 9. Re1 Be6 10. c3 cxd4 11.
Nxd4 Nxd4 12. cxd4 Bd6 13. Bb5+ Nd7 14. Qh5 g6 15. Qh4 Be7 16. Qh6 Bf8 17. Qe3 Bd6 18.
Nf3 O-O 19. Qh6 Nf6 20. Bg5 Be7 21. Qh4 Qd8 22. Ne5 a6 23. Bd3 Re8 24. Rac1 Nd7 25. Nf3 Nf6 26. h3 h5 27. Qf4 Nd7 28. Bxg6 fxg6 29.
Rxe6 Kg7 30. Rce1 Bxg5 31. Nxg5 Rf8 32. Re7+ Kg8 33. Nf7 Qa5 34. Qh6 Rxf7 35. Qxg6+ Kh8 36. Qxh5+ Kg8 37. Qxf7+ Kh8 38. Qh7# 1-0

[Event "*** Titled Tuesday Blitz"]
[Site "Chess.com"]
[Date "2021.04.20"]
[Round "1"]
[White "beto-betun"]
[Black "elextranjero00"]
[Result "0-1"]
[WhiteElo "2225"]
[BlackElo "2557"]
[TimeControl "180+1"]
[EndTime "10:06:46 PDT"]
[Termination "elextranjero00 won by resignation"]

1. d4 f5 2. e4 fxe4 3. Nc3 Nf6 4. Bg5 g6 5. Bxf6 exf6 6. Nxe4 d5 7. Nc3 Bh6 8. Bd3 O-O 9. h4 Re8+ 10. Kf1 Bg7 11.
h5 f5 12. hxg6 hxg6 13. Nf3 Nc6 14. Bb5 Be6 15. Qd2 Qf6 16. Re1 Bf7 17. Bxc6 bxc6 18.
Ne5 c5 19. Nxf7 Qxf7 20. dxc5 Rxe1+ 21. Kxe1 d4 22. Ne2 Qxa2 23. Rh3 Re8 24. f3 Qxb2 25. Kf2 Qb5 26. Rg3 Kf7 27. Nxd4 Qxc5 28. c3 Rd8 29. Qg5 Bxd4+ 30. cxd4 Qxd4+ 31. Qe3 f4 32. Qxd4 fxg3+ 0-1

[Event "*** Titled Tuesday Blitz"]
[Site "Chess.com"]
[Date "2021.04.20"]
[Round "1"]
[White "Matols"]
[Black "GrigoriyM2001"]
[Result "0-1"]
[WhiteElo "2266"]
[BlackElo "2584"]
[TimeControl "180+1"]
[EndTime "10:06:47 PDT"]
[Termination "GrigoriyM2001 won by resignation"]

1. d4 Nf6 2. c4 e6 3. g3 d5 4. Nf3 Nbd7 5. Bg2 Bb4+ 6. Bd2 Bd6 7. Qc2 c6 8. O-O O-O 9. b3 Qe7 10. Nc3 b6 11. e4 dxe4 12. Nxe4 Nxe4 13. Qxe4 Bb7 14.
Rad1 Nf6 15. Qc2 c5 16. Bg5 Rad8 17. d5 h6 18. Bxf6 Qxf6 19. Rfe1 exd5 20. cxd5 Bb8 21. Nh4 g6 22. Be4 Kg7 23. Ng2 Rfe8 24. Ne3 h5 25.
Bg2 Be5 26. Nc4 Bd4 27. Ne3 Re5 28. Nc4 Rxe1+ 29. Rxe1 Bxd5 30. Bxd5 Rxd5 31. Ne3 Re5 32. Kg2 Qc6+ 33. Kg1 Qf3 34. Qd1 Rxe3 35. fxe3 Bxe3+ 0-1

[Event "*** Titled Tuesday Blitz"]
[Site "Chess.com"]
[Date "2021.04.20"]
[Round "1"]
[White "MrChampion_Coach"]
[Black "vovachesss"]
[Result "1-0"]
[WhiteElo "2408"]
[BlackElo "2698"]
[TimeControl "180+1"]
[EndTime "10:06:49 PDT"]
[Termination "MrChampion_Coach won by checkmate"]

1. d4 Nf6 2. c4 c6 3. Nf3 d5 4. Qb3 dxc4 5. Qxc4 Bf5 6. Nc3 e6 7.
g3 Nbd7 8. Bg2 Be7 9. O-O O-O 10. Nh4 Bg4 11. h3 Bh5 12. g4 Nd5 13. gxh5 Bxh4 14. e4 N5b6 15. Qe2 e5 16. Rd1 exd4 17. Rxd4 Qf6 18. Be3 Bg5 19. Rad1 Bxe3 20. Qxe3 Nc5 21. e5 Qe7 22. f4 f6 23. Rd6 Ne6 24. f5 Ng5 25. h4 Nf7 26. Re6 Qb4 27. Rd4 Qc5 28. exf6 Rad8 29. Rg4 Qxe3+ 30. Rxe3 Nh6 31. Rxg7+ Kh8 32. Ree7 Rxf6 33. Rxh7+ Kg8 34. Reg7+ Kf8 35. Ne4 Rd1+ 36. Kh2 Rxf5 37. Ng5 Ng4+ 38. Kg3 Nf6 39.
Ne6+ Ke8 40. Re7# 1-0

[Event "*** Titled Tuesday Blitz"]
[Site "Chess.com"]
[Date "2021.04.20"]
[Round "1"]
[White "atwalcb"]
[Black "amintabatabaei"]
[Result "0-1"]
[WhiteElo "2469"]
[BlackElo "2981"]
[TimeControl "180+1"]
[EndTime "10:06:51 PDT"]
[Termination "amintabatabaei won by resignation"]

1. d4 Nf6 2. Bg5 c5 3. d5 Ne4 4. Bc1 e6 5. c4 exd5 6. cxd5 d6 7. Nc3 Nxc3 8. bxc3 g6 9. Bb2 Bg7 10. Nf3 O-O 11. e3 Qa5 12. Qd2 Nd7 13. Be2 Nb6 14.
O-O Na4 15. Rac1 Bd7 16. Ba1 b5 17. c4 Qxd2 18. Nxd2 Bxa1 19. Rxa1 Nc3 20. Bd3 b4 21. Ne4 Nxe4 22. Bxe4 a5 23. Bd3 f5 24. f3 a4 25. e4 fxe4 26. fxe4 Kg7 27. h3 a3 28. Bc2 Rxf1+ 29. Rxf1 Rf8 30. Rxf8 Kxf8 31. Kf2 Ke7 32. Ke3 Kf6 33. Bb3 g5 34. Bc2 Ke5 35. Bb3 Be8 36. Bc2 Bg6 37. Bb1 b3 38. axb3 Bxe4 39. Ba2 Bf5 40.
g4 Bg6 41. Ke2 Kd4 42. Kd2 h6 43. b4 cxb4 44. Bb3 Bh7 45. Ba2 Be4 46. Bb3 Bb1 47.
Kc1 Bd3 48. c5 Kxc5 0-1

[Event "*** Titled Tuesday Blitz"]
[Site "Chess.com"]
[Date "2021.04.20"]
[Round "1"]
[White "QuintilianoR"]
[Black "eCztery"]
[Result "1-0"]
[WhiteElo "2709"]
[BlackElo "2392"]
[TimeControl "180+1"]
[EndTime "10:06:51 PDT"]
[Termination "QuintilianoR won by resignation"]

1. d4 Nf6 2. c4 e6 3. Nf3 d5 4.
Nc3 Bb4 5. Bg5 Nbd7 6. e3 c5 7. cxd5 exd5 8. Bd3 Qa5 9. Qc2 c4 10. Bf5 Bxc3+ 11. bxc3 O-O 12. O-O Re8 13. Nd2 g6 14. Bxd7 Nxd7 15. h4 Kg7 16. e4 dxe4 17. Nxe4 Qf5 18.
f3 h6 19. g4 Qd5 20. Bf4 Nb6 21. Qd2 Rxe4 22. fxe4 Qxe4 23. Rae1 Qd5 24. Bxh6+ Kh7 25. Bf8 g5 26. hxg5 Bxg4 27. Qh2+ Kg8 28. Be7 Nd7 29.
Qh6 Qc6 30. Bf6 Nxf6 31. gxf6 Qxf6 32. Rxf6 1-0

[Event "*** Titled Tuesday Blitz"]
[Site "Chess.com"]
[Date "2021.04.20"]
[Round "1"]
[White "chegueps"]
[Black "gmcorrales"]
[Result "1-0"]
[WhiteElo "2469"]
[BlackElo "2812"]
[TimeControl "180+1"]
[EndTime "10:06:52 PDT"]
[Termination "chegueps won by checkmate"]

1. d4 Nf6 2. Nf3 g6 3. Nc3 d5 4.
Bf4 Bg7 5. Qd2 O-O 6. Bh6 Bxh6 7.
Qxh6 Qd6 8. Ng5 Rd8 9. h4 Nbd7 10. h5 Nf8 11. hxg6 fxg6 12. e3 c5 13. O-O-O Bf5 14. f3 cxd4 15. exd4 Rac8 16. g4 Rxc3 17. gxf5 Rdc8 18.
bxc3 Qa3+ 19. Kd2 Qxc3+ 20. Ke2 Qxc2+ 21. Rd2 Qc4+ 22. Kf2 Qc3 23. Nxh7 N6xh7 24. fxg6 Rc6 25. gxh7+ Kf7 26. Qxf8+ Kxf8 27. h8=Q+ Kf7 28. Rh7+ Ke6 29. Qe5+ Kd7 30. Bh3+ Kd8 31. Qxe7# 1-0

[Event "*** Titled Tuesday Blitz"]
[Site "Chess.com"]
[Date "2021.04.20"]
[Round "1"]
[White "zubridis"]
[Black "twitchTriniCupid"]
[Result "1-0"]
[WhiteElo "2526"]
[BlackElo "2195"]
[TimeControl "180+1"]
[EndTime "10:06:52 PDT"]
[Termination "zubridis won on time"]

1. e4 c6 2. d4 d5 3. exd5 cxd5 4. c4 Nf6 5. Nc3 Nc6 6. Bg5 Bg4 7. f3 Be6 8. a3 h6 9. Bxf6 exf6 10. c5 Be7 11.
Bb5 O-O 12. Nge2 f5 13. O-O Qc7 14. b4 a5 15. Rb1 axb4 16. axb4 f4 17. Bxc6 bxc6 18.
Qd2 g5 19. b5 cxb5 20. Rxb5 Rfb8 21. h3 Rxb5 22. Nxb5 Qd7 23. Nec3 Rb8 24. Rb1 Bf6 25. Kh2 Bf5 26. Rb4 Ra8 27. Nd6 Be6 28. Qb2 Kg7 29. Rb7 Qc6 30. Qb5 Qa6 31. Qxa6 Rxa6 32. Ne8+ Kg6 33.
Nxf6 Kxf6 34. Rb6 Ra3 35. Nxd5+ Kf5 36. Nc7 Bc4 37. Rb2 Rc3 38. d5 Rd3 39. d6 1-0

[Event "*** Titled Tuesday Blitz"]
[Site "Chess.com"]
[Date "2021.04.20"]
[Round "1"]
[White "lacafi"]
[Black "InvisibleWarrior2252"]
[Result "1-0"]
[WhiteElo "2215"]
[BlackElo "2493"]
[TimeControl "180+1"]
[EndTime "10:06:52 PDT"]
[Termination "lacafi won by checkmate"]

1. d4 Nf6 2. Nf3 e6 3. e3 d5 4. Bd3 c5 5. c3 Nc6 6. Nbd2 b6 7. Qe2 Bb7 8. O-O Bd6 9. dxc5 Bxc5 10. e4 O-O 11. e5 Nd7 12. Re1 Re8 13. Nf1 f6 14. exf6 Nxf6 15. Bf4 Bd6 16. Bxd6 Qxd6 17. Bb5 Re7 18.
Rad1 a6 19. Bxc6 Bxc6 20. Ne5 Be8 21. Ng3 Rc8 22. Qxa6 Qc7 23. h3 Nd7 24. Nxd7 Qxd7 25. Qxb6 e5 26. Qa5 Bf7 27. a4 Qb7 28. Qb5 Qa7 29.
Nf5 Rb7 30. Qe2 Rd8 31. Qxe5 Rxb2 32. Qxg7# 1-0